[Event "Titled Tuesday Blitz June 28 Late 2022"]
[White "Martinez, Shawn"]
[Black "Krishnan, Varun"]
[WhiteFideId "2039770"]
[BlackFideId "5054508"]
[WhiteElo "2174"]
[BlackElo "2554"]
[Result "0-1"]
[Round "05"]
[TimeControl "180+1"]
[Date "2022.06.29"]
[WhiteClock "0:00:03"]
[BlackClock "0:00:07"]

1. e4 c5 2. Nc3 a6 3. g3 b5 4. Bg2 Bb7 5. d3 e6 6. Nh3 d6 7. O-O Qc7 8. f4 Nd7 9. Nf2 Ngf6 10. Qe2 Be7 11. g4 O-O 12. g5 Ne8 13. Be3 d5 14. exd5 b4 15. dxe6 fxe6 16. Nce4 Nd6 17. Bh3 Nf5 18. Ng4 c4 19. Rae1 Nc5 20. Nxc5 Bxc5 21. Bxc5 Qxc5+ 22. Rf2 cxd3 23. Qxe6+ Kh8 24. Ne5 Nd4 25. Nf7+ Rxf7 26. Qxf7 Nf3+ 27. Kf1 Nxe1 28. Qxb7 Rd8 29. cxd3 Nxd3 30. Re2 Qc1+ 31. Kg2 Nxf4+ 32. Kf3 Nxe2 33. Kxe2 Qd1+ 34. Kf2 Qc2+ 35. Kg3 Qd3+ 36. Kh4 Qd4+ 37. Bg4 Qf2+ 38. Kh5 Qxh2+ 39. Bh3 Qxh3# 0-1


[Site "https://www.chess.com"]

[Event "Titled Tuesday Blitz June 28 Late 2022"]
[White "Matlakov, Maxim"]
[Black "Yoo, Christopher Woojin"]
[WhiteFideId "4168003"]
[BlackFideId "30909694"]
[WhiteElo "2669"]
[BlackElo "2105"]
[Result "1-0"]
[Round "05"]
[TimeControl "180+1"]
[Date "2022.06.28"]
[WhiteClock "0:00:19"]
[BlackClock "0:00:01"]

1. d4 d5 2. Nf3 Nf6 3. c4 e6 4. g3 Be7 5. Bg2 O-O 6. b3 dxc4 7. bxc4 c5 8. O-O cxd4 9. Nxd4 Qc7 10. Nb5 Qb6 11. Bf4 Na6 12. N1c3 Rd8 13. Qc2 Qc5 14. Qb3 Qh5 15. Rad1 e5 16. Rxd8+ Bxd8 17. Bc1 Nc5 18. Qa3 Bb6 19. h4 Be6 20. Be3 Nfd7 21. Rd1 Bxc4 22. Bf3 Qg6 23. Nd6 Ba6 24. h5 Qe6 25. Bd5 Qe7 26. Nxf7 Kf8 27. Ng5 Nf6 28. h6 gxh6 29. Bxc5 Bxc5 30. Ne6+ Qxe6 31. Qxc5+ Qe7 32. Qe3 Rd8 33. Qxh6+ Qg7 34. Qe3 Qe7 35. Rd2 Kg7 36. Bb3 Rxd2 37. Qxd2 Kf8 38. Qh6+ Qg7 39. Qe3 Qe7 40. Qxa7 Qb4 41. Qb8+ Kg7 42. Qxe5 Qg4 43. Nd5 Kg6 44. Qxf6+ 1-0


[Site "https://www.chess.com"]

[Event "Titled Tuesday Blitz June 28 Late 2022"]
[White "Melikhov, Evgeny V."]
[Black "Vivas Zamora, Fabian Ernesto"]
[WhiteFideId "4122046"]
[BlackFideId "3902480"]
[WhiteElo "1904"]
[BlackElo "2014"]
[Result "1/2-1/2"]
[Round "05"]
[TimeControl "180+1"]
[Date "2022.06.29"]
[WhiteClock "0:00:32"]
[BlackClock "0:00:07"]

1. d4 Nf6 2. c4 g6 3. Nc3 d5 4. Nf3 Bg7 5. e3 O-O 6. Be2 c5 7. O-O cxd4 8. exd4 dxc4 9. Bxc4 Nc6 10. Be3 Na5 11. Be2 Be6 12. b3 Rc8 13. Qd2 Nd5 14. Ne4 Bf5 15. Nc5 b6 16. Nd3 Nc3 17. Rac1 Nxe2+ 18. Qxe2 Qd7 19. Nde5 Qd5 20. h3 Rfd8 21. Rxc8 Rxc8 22. Rc1 Rxc1+ 23. Bxc1 Nc6 24. Nxc6 Qxc6 25. Be3 Qc3 26. Qa6 Qc7 27. Ne5 h6 28. Qc4 Bxe5 29. dxe5 Qxc4 30. bxc4 Be6 31. c5 bxc5 32. Bxc5 Bxa2 33. Bxa7 f6 34. exf6 exf6 35. f4 Kf7 36. g3 Ke6 37. Kf2 h5 38. h4 Kf5 39. Bb6 Bb3 40. Ba7 Bd1 41. Bb6 Bb3 42. Ba7 Kg4 43. Bb6 f5 44. Ba7 Bc4 45. Bb6 Bb5 1/2-1/2


[Site "https://www.chess.com"]

[Event "Titled Tuesday Blitz June 28 Late 2022"]
[White "Mendez Fortes, Eduardo Jesus"]
[Black "Adla, Diego"]
[WhiteFideId "3502376"]
[BlackFideId "100072"]
[WhiteElo "2321"]
[BlackElo "2377"]
[Result "0-1"]
[Round "05"]
[TimeControl "180+1"]
[Date "2022.06.29"]
[WhiteClock "0:01:22"]
[BlackClock "0:00:09"]

1. e4 e5 2. Nf3 Nc6 3. Bb5 a6 4. Ba4 Nf6 5. O-O Bc5 6. c3 b5 7. Bb3 d6 8. a4 Bg4 9. h3 Bxf3 10. Qxf3 b4 11. d3 h6 12. a5 O-O 13. Be3 Bxe3 14. fxe3 Rb8 15. Nd2 bxc3 16. bxc3 Na7 17. Bc4 Nb5 18. Bxb5 Rxb5 19. c4 Rb2 20. Rf2 Nd7 21. Raf1 Nc5 22. d4 Ne6 23. d5 Nc5 24. Qh5 Rxd2 25. Rxd2 Nxe4 26. Rb2 Ng3 27. Qf3 Nxf1 28. Qxf1 Qg5 29. Qd3 f5 30. Rf2 f4 31. e4 Rb8 32. c5 Rb5 33. c6 Rxa5 34. Rb2 Ra1+ 35. Kh2 Qh4 36. Qe2 Qg3# 0-1


[Site "https://www.chess.com"]

[Event "Titled Tuesday Blitz June 28 Late 2022"]
[White "Meunier-Pion, Jean"]
[Black "Salem, A.R. Saleh"]
[WhiteFideId "20685327"]
[BlackFideId "9301348"]
[WhiteElo "2124"]
[BlackElo "2679"]
[Result "0-1"]
[Round "05"]
[TimeControl "180+1"]
[Date "2022.06.28"]
[WhiteClock "0:00:01"]
[BlackClock "0:01:58"]

1. e4 c5 2. Nf3 d6 3. d4 cxd4 4. Nxd4 Nf6 5. Nc3 a6 6. h3 e6 7. g4 Be7 8. Bg2 O-O 9. g5 Nfd7 10. h4 b5 11. Be3 b4 12. Na4 Bb7 13. g6 hxg6 14. h5 g5 15. h6 g6 16. Qd2 Qa5 17. b3 Nc6 18. Rd1 Nde5 19. f4 gxf4 20. Bxf4 Nxd4 21. Qxd4 Rac8 22. Rd2 Rfd8 23. h7+ Kh8 24. Rh3 Bf6 25. Qf2 Rd7 26. Qg3 Qd8 27. Be3 Rc6 28. Qf4 Bg7 29. Bg1 a5 30. c4 bxc3 31. Nxc3 Ba6 32. Bd4 g5 33. Qh2 Qf6 34. Rf2 Qg6 35. Bf3 Nd3+ 0-1


[Site "https://www.chess.com"]

[Event "Titled Tuesday Blitz June 28 Late 2022"]
[White "Mickiewicz, Piotr"]
[Black "Katz, Alexander"]
[WhiteFideId "1114891"]
[BlackFideId "2039796"]
[WhiteElo "2209"]
[BlackElo "2371"]
[Result "0-1"]
[Round "05"]
[TimeControl "180+1"]
[Date "2022.06.28"]
[WhiteClock "0:00:17"]
[BlackClock "0:01:11"]

1. e4 e5 2. Nf3 Nc6 3. Bb5 a6 4. Ba4 Nge7 5. c3 d6 6. O-O Bd7 7. d4 Ng6 8. d5 Nb8 9. c4 Be7 10. Nc3 O-O 11. h3 f5 12. Bxd7 Nxd7 13. exf5 Rxf5 14. Nd2 Qf8 15. Nde4 Nf4 16. Be3 Qf7 17. Ng3 Rg5 18. Nce4 Rg6 19. Rc1 Rf8 20. b4 h5 21. Bxf4 exf4 22. Qxh5 fxg3 23. fxg3 Qe8 24. Rxf8+ Nxf8 25. Rf1 Bd8 26. Rf4 Nd7 27. c5 Nf6 28. Nxf6+ Bxf6 29. Kh2 Qf7 30. a4 Rg5 31. Qxg5 Bxg5 32. Rxf7 Kxf7 33. cxd6 cxd6 34. b5 axb5 35. axb5 Kf6 36. h4 Be3 37. g4 Ke5 38. g5 Kxd5 39. Kg3 g6 40. Kf3 Bc1 41. g4 Ke5 42. h5 gxh5 43. gxh5 Bxg5 44. Ke2 Kd4 0-1


[Site "https://www.chess.com"]

[Event "Titled Tuesday Blitz June 28 Late 2022"]
[White "Mirzoev, Azer"]
[Black "Yeshchenko, Uliana"]
[WhiteFideId "13400304"]
[BlackFideId "14187272"]
[WhiteElo "2525"]
[BlackElo "1890"]
[Result "1-0"]
[Round "05"]
[TimeControl "180+1"]
[Date "2022.06.29"]
[WhiteClock "0:01:07"]
[BlackClock "0:00:51"]

1. e4 c6 2. Nc3 d5 3. Nf3 dxe4 4. Nxe4 Nf6 5. Qe2 Nxe4 6. Qxe4 Qa5 7. Bc4 Bf5 8. Qe5 Qxe5+ 9. Nxe5 e6 10. d3 Nd7 11. Nf3 h6 12. Bd2 Bc5 13. a3 b5 14. Ba2 a5 15. Be3 O-O-O 16. Ke2 Kb7 17. h3 Rhe8 18. Rhe1 f6 19. Kf1 e5 20. Nh4 Be6 21. Bxe6 Rxe6 22. Nf5 Rg8 23. h4 h5 24. Ng3 g6 25. Ne4 Bxe3 26. fxe3 g5 27. hxg5 fxg5 28. Kg1 Kb6 29. Rf1 Nc5 30. Nf6 Rh8 31. Rf5 Rh6 32. Raf1 b4 33. axb4 axb4 34. b3 Na6 35. Nd7+ Kc7 36. Nxe5 g4 37. e4 Kb6 38. Kh2 Nc5 39. Nc4+ Kb5 40. d4 Rxe4 41. Rxc5+ Ka6 42. Ra1+ Kb7 43. d5 cxd5 44. Rxd5 h4 45. Nd6+ Rxd6 46. Rxd6 g3+ 47. Kh3 1-0


[Site "https://www.chess.com"]

[Event "Titled Tuesday Blitz June 28 Late 2022"]
[White "Mortazavi, Ali"]
[Black "Dubov, Daniil"]
[WhiteFideId "401323"]
[BlackFideId "24126055"]
[WhiteElo "2339"]
[BlackElo "2791"]
[Result "0-1"]
[Round "05"]
[TimeControl "180+1"]
[Date "2022.06.29"]
[WhiteClock "0:00:16"]
[BlackClock "0:01:22"]

1. e4 e5 2. Bc4 Nf6 3. d3 Bc5 4. Nf3 d6 5. c3 O-O 6. Bb3 h6 7. Nbd2 Re8 8. h3 Nbd7 9. Nf1 Nf8 10. Ng3 Ng6 11. O-O Bb6 12. Re1 Be6 13. d4 c6 14. Be3 exd4 15. Bxd4 Bxb3 16. axb3 Ne5 17. Nxe5 dxe5 18. Bxb6 Qxb6 19. b4 g6 20. Qf3 Kg7 21. Red1 Rad8 22. Nf1 Rxd1 23. Rxd1 Rd8 24. Rxd8 Qxd8 25. Qe2 Qd6 26. Nd2 Qe6 27. Nc4 Nh5 28. Ne3 Nf4 29. Qc4 Qd6 30. Qc5 Qxc5 31. bxc5 Nd3 32. Nc4 Nxc5 33. Nxe5 Kf6 34. Ng4+ Ke6 35. f3 a5 36. Nxh6 Nd3 37. Kf1 Nxb2 38. Ke2 a4 39. Kd2 Nc4+ 40. Kc2 Ne3+ 41. Kb2 Nxg2 42. Ka3 b5 43. Ng4 Nf4 44. Nf2 c5 0-1


[Site "https://www.chess.com"]

[Event "Titled Tuesday Blitz June 28 Late 2022"]
[White "Nikologorsky, Matfei"]
[Black "Voege, Tobias"]
[WhiteFideId "24102474"]
[BlackFideId "1270513"]
[WhiteElo "2231"]
[BlackElo "2379"]
[Result "1-0"]
[Round "05"]
[TimeControl "180+1"]
[Date "2022.06.29"]
[WhiteClock "0:00:15"]
[BlackClock "0:00:19"]

1. e4 e6 2. d4 d5 3. Nd2 c5 4. Ngf3 Nc6 5. exd5 exd5 6. Bb5 Nf6 7. O-O Be6 8. Qe2 h6 9. Ne5 Qc8 10. Ndf3 Be7 11. dxc5 O-O 12. Bxc6 bxc6 13. b4 a5 14. c3 Ne4 15. Bd2 Bf6 16. a3 Re8 17. Qd3 Bf5 18. Bf4 Ng3 19. Qd2 Nxf1 20. Rxf1 axb4 21. axb4 Be4 22. Bg3 Ra3 23. c4 dxc4 24. Nxc4 Rd3 25. Qf4 Bxf3 26. gxf3 Rd4 27. Nd6 Rxf4 28. Nxc8 Rxb4 29. Nd6 Re2 30. Ne4 Reb2 31. Rd1 Rb1 32. Rxb1 Rxb1+ 33. Kg2 Rc1 34. Kh3 Rc2 35. Kg4 Bd4 36. Bd6 Bxf2 37. h4 Bd4 38. h5 Kh7 39. Kf5 Rc1 40. Be7 Rf1 41. Kg4 g6 42. hxg6+ Kxg6 43. Bd6 Be3 44. Ng3 Rd1 45. f4 Rd4 46. Kf3 Bc1 47. f5+ Kh7 48. Ne4 Rd5 49. Nf6+ Kg7 50. Nxd5 f6 51. Ne7 Ba3 52. Nxc6 h5 53. Nd4 h4 54. Ne6+ Kf7 55. Kg4 Ke8 56. Kxh4 Kd7 57. Kh5 Bb2 58. Kg6 Kc6 59. Be7 Kd5 60. Bxf6 Ba3 61. Be7 Bb2 62. Bd6 Kc6 63. Ng7 Kd7 64. f6 Bxf6 65. Kxf6 Kc6 66. Ke6 Kb7 67. Kd7 Ka7 68. c6 Kb6 69. c7 Kb5 70. c8=Q Ka4 71. Qb7 Ka5 72. Ne6 Ka4 73. Qb4# 1-0


[Site "https://www.chess.com"]

[Event "Titled Tuesday Blitz June 28 Late 2022"]
[White "Novikova, Galina"]
[Black "Thiel, Thomas"]
[WhiteFideId "4157095"]
[BlackFideId "4615964"]
[WhiteElo "1863"]
[BlackElo "2233"]
[Result "0-1"]
[Round "05"]
[TimeControl "180+1"]
[Date "2022.06.29"]
[WhiteClock "0:00:04"]
[BlackClock "0:00:18"]

1. e4 d5 2. exd5 Nf6 3. c4 c6 4. d4 cxd5 5. Nc3 Nc6 6. Bg5 Ne4 7. Nxe4 dxe4 8. d5 Ne5 9. Qd4 f6 10. Bd2 Bf5 11. c5 Kf7 12. Bc3 Rc8 13. Rd1 h5 14. Be2 Kg6 15. Nh3 Qc7 16. Nf4+ Kh7 17. b4 g6 18. O-O Bh6 19. d6 exd6 20. Nd5 Qf7 21. cxd6 Rhd8 22. Nxf6+ Qxf6 23. Qxe5 Qxe5 24. Bxe5 Bg7 25. Bxg7 Kxg7 26. Rd2 Kf6 27. Rfd1 Rd7 28. Bb5 Rdd8 29. h3 a6 30. d7 Rc7 31. Rd6+ Ke7 32. Ba4 b5 33. Bb3 Rcxd7 34. Rxd7+ Rxd7 35. Rc1 Kd6 36. Rd1+ Kc7 37. Rc1+ Kd6 38. Rd1+ Kc7 39. Re1 Rd4 40. Rc1+ Kd6 41. a3 Rd3 42. Bc2 Rxa3 43. Rd1+ Ke5 44. Rd8 a5 45. bxa5 b4 46. Rb8 Kd4 47. Rb5 Kc3 48. Bxe4 Bxe4 49. f3 Bf5 50. g4 hxg4 51. hxg4 Bd3 52. Rc5+ Kd4 53. Rc8 Rxa5 54. Rb8 Rb5 55. Rd8+ Kc3 56. Rc8+ Bc4 57. f4 b3 58. f5 gxf5 59. g5 b2 60. g6 b1=Q+ 61. Kf2 Rb7 62. Kg3 Qg1+ 63. Kf4 Qxg6 64. Re8 Qxe8 65. Kg5 Qe5 66. Kg6 f4 67. Kh6 Qf6+ 68. Kh5 f3 69. Kg4 f2 70. Kh3 f1=Q+ 71. Kh2 Q6f2# 0-1


[Site "https://www.chess.com"]

[Event "Titled Tuesday Blitz June 28 Late 2022"]
[White "Omariev, Maksim"]
[Black "Svicevic, Rastko"]
[WhiteFideId "4193423"]
[BlackFideId "916315"]
[WhiteElo "2446"]
[BlackElo "2049"]
[Result "1-0"]
[Round "05"]
[TimeControl "180+1"]
[Date "2022.06.29"]
[WhiteClock "0:00:01"]
[BlackClock "0:00:01"]

1. g4 d5 2. Bg2 c6 3. h3 g6 4. d4 Bg7 5. c4 h5 6. g5 dxc4 7. Nf3 h4 8. Bf4 Nd7 9. Nbd2 b5 10. a4 Bb7 11. b3 c3 12. Ne4 b4 13. a5 c5 14. Nxc5 Nxc5 15. dxc5 Qxd1+ 16. Rxd1 e5 17. Bh2 Ne7 18. O-O Nc6 19. Nxe5 Bxe5 20. Bxe5 O-O 21. Bf6 Nxa5 22. Bxb7 Nxb7 23. c6 Na5 24. c7 Nxb3 25. Rd8 c2 26. Be7 Rfxd8 27. cxd8=Q+ Rxd8 28. Bxd8 c1=Q 29. Rxc1 Nxc1 30. Kf1 b3 31. Bf6 a5 32. Ke1 a4 33. Kd1 Na2 34. Bb2 Nb4 35. Kd2 Nd5 36. e3 Kf8 37. Kd3 Ke7 38. Kc4 Ke6 39. Kb5 Nc3+ 40. Kb4 Nd1 41. Bd4 1-0


[Site "https://www.chess.com"]

[Event "Titled Tuesday Blitz June 28 Late 2022"]
[White "Paszewski, Mateusz"]
[Black "Bortnyk, Olexandr"]
[WhiteFideId "1141058"]
[BlackFideId "14120828"]
[WhiteElo "2171"]
[BlackElo "2723"]
[Result "0-1"]
[Round "05"]
[TimeControl "180+1"]
[Date "2022.06.28"]
[WhiteClock "0:00:37"]
[BlackClock "0:01:26"]

1. c4 d6 2. g3 g6 3. Bg2 Bg7 4. Nf3 Nc6 5. Nc3 Bd7 6. Rb1 Qc8 7. h4 a5 8. a3 Nf6 9. d3 h6 10. b4 axb4 11. axb4 Ng4 12. Bd2 O-O 13. O-O e5 14. b5 Ne7 15. Qc1 f5 16. Nh2 Nxh2 17. Kxh2 f4 18. Nd5 Nf5 19. g4 Qd8 20. gxf5 Qxh4+ 21. Kg1 Rxf5 22. f3 Rh5 23. Qe1 Qh2+ 24. Kf2 Rg5 25. Rg1 Bh3 0-1


[Site "https://www.chess.com"]

[Event "Titled Tuesday Blitz June 28 Late 2022"]
[White "Petrovic, Aleksa"]
[Black "Livaic, Leon"]
[WhiteFideId "967629"]
[BlackFideId "14531534"]
[WhiteElo "2117"]
[BlackElo "2540"]
[Result "0-1"]
[Round "05"]
[TimeControl "180+1"]
[Date "2022.06.29"]
[WhiteClock "0:00:03"]
[BlackClock "0:00:23"]

1. d4 Nf6 2. c4 e6 3. Nf3 c5 4. d5 d6 5. Nc3 exd5 6. cxd5 g6 7. Nd2 Bg7 8. e4 O-O 9. Be2 Na6 10. O-O Nc7 11. a4 Re8 12. f3 b6 13. Nc4 Ba6 14. Bg5 Qd7 15. Qd2 Bxc4 16. Bxc4 a6 17. Rfb1 b5 18. Be2 Reb8 19. axb5 axb5 20. Rxa8 Rxa8 21. b4 c4 22. Qc1 Nh5 23. g4 Bd4+ 24. Kg2 Nf6 25. Ra1 Rxa1 26. Qxa1 Qe8 27. Qa5 Ncxd5 28. Nxd5 Nxd5 29. Bxc4 bxc4 30. Qxd5 Qe5 31. Qxe5 dxe5 32. b5 Kf8 33. Kf1 Ke8 34. Ke2 Kd7 35. Bf6 Kd6 36. f4 Kc5 37. Bxe5 Bxe5 38. fxe5 Kxb5 39. Kd2 Kb4 40. Kc2 c3 41. g5 Kc4 42. h3 Kd4 43. h4 Kc4 0-1


[Site "https://www.chess.com"]

[Event "Titled Tuesday Blitz June 28 Late 2022"]
[White "Premnath, R."]
[Black "Ardila, Oscar Humberto"]
[WhiteFideId "5021928"]
[BlackFideId "4404742"]
[WhiteElo "2638"]
[BlackElo "1956"]
[Result "0-1"]
[Round "05"]
[TimeControl "180+1"]
[Date "2022.06.29"]
[WhiteClock "0:00:11"]
[BlackClock "0:00:05"]

1. d4 Nf6 2. c4 e6 3. Nf3 Bb4+ 4. Bd2 Qe7 5. Nc3 O-O 6. g3 c5 7. Bg2 Nc6 8. d5 exd5 9. cxd5 Nd4 10. e3 Nxf3+ 11. Qxf3 d6 12. h3 Bd7 13. O-O Rfe8 14. a3 Ba5 15. Rae1 Bxc3 16. Bxc3 Ne4 17. Rc1 Bb5 18. Rfe1 g6 19. g4 h6 20. Qf4 Nxc3 21. Rxc3 Kg7 22. e4 Qe5 23. Qd2 g5 24. Rf3 Bd7 25. Rb3 b5 26. Rc3 a5 27. Rf3 b4 28. Qc1 Re7 29. Bf1 Rae8 30. Ree3 Rb8 31. Be2 Ree8 32. Rg3 Rb6 33. Bf1 Reb8 34. axb4 Rxb4 35. b3 a4 36. bxa4 Rb1 37. Qc3 Qxc3 38. Rxc3 Bxa4 39. Kg2 R8b4 40. Rge3 Kf6 41. Bd3 R1b3 42. e5+ dxe5 43. Rxc5 e4 44. Rxe4 Rxe4 45. Bxe4 Ke5 46. f3 Kd6 47. Ra5 Rb2+ 48. Kg3 Bc2 49. Ra6+ Ke5 50. Bxc2 Rxc2 51. Rxh6 Rd2 52. d6 f6 53. Rh8 Ke6 54. Re8+ Kf7 55. Re7+ Kg6 56. Rd7 Kh6 57. Rd8 Kg7 58. h4 gxh4+ 59. Kxh4 Kf7 60. Kg3 Ke6 61. Kf4 Rd4+ 62. Ke3 Ra4 63. Rf8 Ra3+ 64. Kf4 Ra4+ 65. Kg3 Rd4 66. Rd8 Rd2 67. f4 Rd3+ 68. Kh4 Rd1 69. Kh5 Kf7 70. Rd7+ Ke6 71. Re7+ Kxd6 72. Re8 Kd7 73. Re3 Rg1 74. Re4 Kd6 75. f5 Kd5 76. Re6 Rg3 77. Rxf6 Ke5 78. Rg6 Kf4 79. f6 Rh3# 0-1


[Site "https://www.chess.com"]

[Event "Titled Tuesday Blitz June 28 Late 2022"]
[White "Prieto Aranguren, Alain"]
[Black "Petersson, Kjell"]
[WhiteFideId "2268906"]
[BlackFideId "1705148"]
[WhiteElo "2224"]
[BlackElo "2009"]
[Result "1-0"]
[Round "05"]
[TimeControl "180+1"]
[Date "2022.06.29"]
[WhiteClock "0:00:19"]
[BlackClock "0:00:02"]

1. e4 c5 2. d4 cxd4 3. Bd3 Nc6 4. f4 d5 5. e5 g6 6. Nd2 f6 7. Ndf3 fxe5 8. fxe5 Bg7 9. Qe2 Qc7 10. e6 Nh6 11. Nh3 Nf5 12. Bxf5 gxf5 13. Nf4 Qd6 14. Ng5 Rf8 15. Qh5+ Kd8 16. Nf7+ Rxf7 17. exf7 Qe5+ 18. Kf2 Kc7 19. Re1 Qd6 20. Qxh7 Bf6 21. f8=Q Ne5 22. Kg1 Ng4 23. Rxe7+ Bxe7 24. Qfxe7+ Qxe7 25. Qxe7+ Bd7 26. Nxd5+ Kc6 27. c4 Re8 28. Qxe8 Bxe8 29. Bf4 d3 30. Rd1 b5 31. b3 bxc4 32. bxc4 Kc5 33. h3 Kxc4 34. hxg4 Ba4 35. Ne3+ Kd4 36. Rb1 d2 37. Rb4+ 1-0


[Site "https://www.chess.com"]

[Event "Titled Tuesday Blitz June 28 Late 2022"]
[White "Prydun, Andriy"]
[Black "Antonova, Nadezhda"]
[WhiteFideId "14145898"]
[BlackFideId "14700182"]
[WhiteElo "2063"]
[BlackElo "1746"]
[Result "1-0"]
[Round "05"]
[TimeControl "180+1"]
[Date "2022.06.29"]
[WhiteClock "0:01:29"]
[BlackClock "0:01:42"]

1. d4 Nf6 2. Nf3 g6 3. Nbd2 c5 4. dxc5 Qa5 5. e4 Nxe4 6. b4 Qxb4 7. Rb1 Qa5 8. Rb5 Qxb5 9. Bxb5 Nc3 10. Bb2 Nxd1 11. Bxh8 a6 12. Bc4 Nxf2 13. Kxf2 Nc6 14. Bc3 Bh6 15. Ne4 e6 16. h4 Ke7 17. h5 Bf4 18. hxg6 hxg6 19. Bf6+ 1-0


[Site "https://www.chess.com"]

[Event "Titled Tuesday Blitz June 28 Late 2022"]
[White "Przybylski, Wojciech"]
[Black "Florescu, Codrut-Constantin"]
[WhiteFideId "1117599"]
[BlackFideId "1202200"]
[WhiteElo "2133"]
[BlackElo "2191"]
[Result "1-0"]
[Round "05"]
[TimeControl "180+1"]
[Date "2022.06.28"]
[WhiteClock "0:00:15"]
[BlackClock "0:00:15"]

1. e4 c5 2. Nf3 e6 3. d4 cxd4 4. Nxd4 a6 5. Bd3 Nf6 6. O-O Qc7 7. Re1 Bd6 8. h3 Nc6 9. Nxc6 dxc6 10. Nd2 b5 11. a4 Bb7 12. c4 b4 13. c5 Bxc5 14. Qc2 Ba7 15. Nc4 e5 16. a5 h6 17. Be3 Bxe3 18. Rxe3 O-O 19. Nb6 Rad8 20. Qe2 Rd4 21. Rc1 Rfd8 22. Bxa6 Rd2 23. Qc4 R8d4 24. Qf1 Rxb2 25. Bc4 c5 26. Na4 Rbd2 27. a6 Bxe4 28. Nxc5 Ba8 29. Nb3 Qd6 30. Nxd2 Rxd2 31. Be2 e4 32. Rc8+ Kh7 33. Rxa8 Nd5 34. a7 Nxe3 35. Rh8+ Kxh8 36. a8=Q+ Kh7 37. Qxe4+ f5 38. Qxe3 b3 39. Qxb3 f4 40. Qbb1+ g6 41. Qe4 h5 42. Bd3 Kh6 43. Qb1 Qc5 44. Qxg6# 1-0


[Site "https://www.chess.com"]

[Event "Titled Tuesday Blitz June 28 Late 2022"]
[White "Ricaurte Lopez, Juan Carlos"]
[Black "Leve, Nitai"]
[WhiteFideId "3600327"]
[BlackFideId "2006898"]
[WhiteElo "2209"]
[BlackElo "2144"]
[Result "1/2-1/2"]
[Round "05"]
[TimeControl "180+1"]
[Date "2022.06.29"]
[WhiteClock "0:00:57"]
[BlackClock "0:00:10"]

1. e4 e6 2. d4 d5 3. exd5 exd5 4. Nf3 Nf6 5. c4 Nc6 6. Bg5 Bb4+ 7. Nc3 O-O 8. Be2 dxc4 9. O-O Bg4 10. d5 Bxc3 11. bxc3 Qxd5 12. Bxf6 Qxd1 13. Rfxd1 gxf6 14. Bxc4 Bxf3 15. gxf3 Ne5 16. Bd5 c6 17. Be4 Rfd8 18. Kg2 h6 19. Kg3 Kf8 20. Rab1 Rxd1 21. Rxd1 Ke7 22. Rb1 b6 23. f4 Ng6 24. c4 Rc8 25. Rd1 Rc7 26. Bf5 b5 27. c5 a5 28. Rd6 Nf8 29. Be4 Ne6 30. Rxc6 Rxc6 31. Bxc6 b4 32. Bd5 Nxc5 33. Kg4 a4 34. Kh5 b3 35. axb3 Nxb3 36. Kxh6 Kf8 37. Kh5 Nc1 38. Kg4 a3 39. Kf5 Kg7 40. h4 a2 41. Bxa2 Nxa2 42. h5 Nb4 43. h6+ Kxh6 44. Kxf6 Nd3 45. Kxf7 Nxf4 46. f3 Kg5 47. Kf8 Kf5 48. Kf7 Ne2 49. Kf8 Kf4 50. Kf7 Kxf3 1/2-1/2


[Site "https://www.chess.com"]

[Event "Titled Tuesday Blitz June 28 Late 2022"]
[White "Richter, Nils"]
[Black "Marin Ramirez, Gerardo"]
[WhiteFideId "12990809"]
[BlackFideId "3901068"]
[WhiteElo "2311"]
[BlackElo "1920"]
[Result "1-0"]
[Round "05"]
[TimeControl "180+1"]
[Date "2022.06.29"]
[WhiteClock "0:00:29"]
[BlackClock "0:00:01"]

1. Nf3 d5 2. g3 c6 3. Bg2 Nf6 4. O-O Bf5 5. d3 e6 6. Nh4 Bg4 7. h3 Bh5 8. g4 Nfd7 9. Nf3 Bg6 10. Nbd2 Bd6 11. e4 Bf4 12. Qe2 h5 13. Nb3 Bxc1 14. Raxc1 hxg4 15. hxg4 Qc7 16. Nbd4 Qf4 17. exd5 cxd5 18. Nxe6 fxe6 19. Qxe6+ Kf8 20. Qxg6 Nf6 21. Rce1 Nc6 22. Qf5 Qxg4 23. Qxg4 Nxg4 24. Ng5 Nf6 25. Ne6+ Kf7 26. c3 Rae8 27. Nf4 d4 28. c4 Ne5 29. Rd1 b6 30. Rfe1 g5 31. Nd5 Nh5 32. Nc7 Re7 33. Nd5 Ree8 34. Re4 Ng6 35. Rde1 Rxe4 36. Bxe4 Ngf4 37. b4 Rc8 38. Bf3 Nf6 39. Nxf4 gxf4 40. Re5 1-0


[Site "https://www.chess.com"]

[Event "Titled Tuesday Blitz June 28 Late 2022"]
[White "Riehle, Marco"]
[Black "Martinez Alcantara, Jose Eduardo"]
[WhiteFideId "12904392"]
[BlackFideId "3805662"]
[WhiteElo "2462"]
[BlackElo "2703"]
[Result "1-0"]
[Round "05"]
[TimeControl "180+1"]
[Date "2022.06.28"]
[WhiteClock "0:00:12"]
[BlackClock "0:00:14"]

1. e4 c5 2. a3 e6 3. b4 d5 4. exd5 exd5 5. Nf3 Nf6 6. bxc5 Bxc5 7. d4 Bd6 8. Bd3 O-O 9. O-O h6 10. h3 Nc6 11. Re1 Be6 12. Nc3 Re8 13. Ne2 Qc7 14. Bd2 Ne4 15. Be3 f5 16. Qc1 g5 17. c4 dxc4 18. Bxc4 Bxc4 19. Qxc4+ Qf7 20. d5 Ne7 21. Rad1 Ng6 22. Bd4 g4 23. hxg4 fxg4 24. Nd2 Nxd2 25. Rxd2 Re4 26. Rf1 Rae8 27. Ng3 Rf4 28. Qd3 Be5 29. Be3 Rf6 30. Ne4 Ra6 31. d6 Rd8 32. d7 Nf8 33. Nc5 Rd6 34. Qe4 Rxd2 35. Bxd2 Bg7 36. Qxg4 Nxd7 37. Nxb7 Rf8 38. Bxh6 Ne5 39. Qxg7+ Qxg7 40. Bxg7 Kxg7 41. Nc5 Kf7 42. f3 Rc8 43. Ne4 Rc2 44. Rf2 Rc1+ 45. Rf1 Rc2 46. Rf2 Rc1+ 47. Kh2 Kg6 48. Rd2 Ra1 49. Rd6+ Kg7 50. Ra6 Ra2 51. Rxa7+ Kg6 52. Ra6+ Kg7 53. Kg3 Nd3 54. Ra7+ Kg6 55. Ra6+ Kf5 56. Rf6+ Ke5 57. Rg6 Kd4 58. Ng5 Ne1 59. Ne6+ Ke5 60. Kh3 Kf5 61. Nf8 Nd3 62. Rg8 Nf4+ 63. Kh2 Rxa3 64. Nh7 Ne6 65. Nf8 Nf4 66. Nd7 Ra7 67. Nc5 Rh7+ 68. Kg1 Ng6 69. Ne4 Ne5 70. Rg5+ Kf4 71. Rg8 Ke3 72. Re8 Kd4 73. Nf6 Ra7 74. Ng4 Nd3 75. Re4+ Kc3 76. Re8 Ra1+ 77. Kh2 Ra7 78. Kg3 Rg7 79. Re6 Kd4 80. Re4+ Kd5 81. Re8 Nc5 82. Rf8 Ne6 83. Rf5+ Kd6 84. Rf6 Ke7 85. Rf5 Kd6 86. Rf6 Ke7 87. Rh6 Nd4 88. Rh5 Ke6 89. Re5+ Kd6 90. Rh5 Ke6 91. Kf4 Kd6 92. Ke4 Ne2 93. Rd5+ Kc7 94. Rd2 Ng3+ 95. Kf4 Nh5+ 96. Kf5 Rg8 97. Ne5 Rf8+ 98. Kg5 Nf4 99. g4 Ne6+ 100. Kh4 Rh8+ 101. Kg3 Rh1 102. Nf7 Rg1+ 103. Kf2 Rh1 104. Ne5 Ng5 105. Kg3 Rg1+ 106. Kf4 Nh3+ 107. Kf5 Rf1 108. g5 Rg1 109. f4 Kb6 110. g6 Kc5 111. Rc2+ Kd5 112. Rd2+ Kc5 113. Rc2+ Kd5 114. Rh2 Rg3 115. Rxh3 Rxh3 116. g7 Rg3 117. Ng4 Kd4 118. g8=Q Rc3 119. Qg7+ Kd3 120. Qxc3+ Kxc3 121. Ke6 Kc4 122. f5 Kc5 123. f6 Kc6 124. f7 Kc7 125. f8=Q Kc6 126. Qd6+ Kb5 127. Qc7 Kb4 128. Kd5 Ka4 129. Qb7 Ka3 130. Kc4 Ka2 131. Kc3 Ka1 132. Qb2# 1-0


[Site "https://www.chess.com"]